 Dungeon Crawl Stone Soup version 0.22.0-49-gab54619674 (webtiles) character file.

65 JedernureinKreuz the Magician (level 3, -1/19 HPs)
             Began as a Deep Elf Wizard on Sept 6, 2018.
             Slain by an orc (3 damage)
             ... on level 2 of the Dungeon.
             The game lasted 00:31:53 (2177 turns).

JedernureinKreuz the Magician (Deep Elf Wizard)     Turns: 2177, Time: 00:31:54

Health: -1/19      AC:  2    Str:  4    XL:     3   Next: 94%
Magic:  0/11       EV: 13    Int: 23    God:
Gold:   174        SH:  0    Dex: 13    Spells: 1/12 levels left

rFire    . . .     SeeInvis .   g - +1 dagger (protect)
rCold    . . .     Gourm    .   (no shield)
rNeg     . . .     Faith    .   a - +0 robe
rPois    .         Spirit   +   b - +0 hat
rElec    .         Reflect  .   (no cloak)
rCorr    .         Harm     .   (no gloves)
MR       .....                  (no boots)
Stlth    ++........             i - amulet of guardian spirit
HPRegen  0.06/turn              (no ring)
MPRegen  0.12/turn              (no ring)

@: no status effects
A: no striking features
a: no special abilities


You were on level 2 of the Dungeon.
You were not hungry.

You visited 1 branch of the dungeon, and saw 3 of its levels.

You collected 174 gold pieces.

Inventory:

Hand Weapons
 g - a +1 dagger of protection (weapon)
Missiles
 k - 80 sling bullets
 q - 4 tomahawks (quivered)
Armour
 a - a +0 robe (worn)
 b - a +0 hat (worn)
 n - a +0 robe
 s - a +3 leather armour
Jewellery
 i - an amulet of guardian spirit (around neck)
Scrolls
 f - a scroll of identify {unknown}
 o - a scroll of amnesia {unknown}
 p - a scroll of fear {unknown}
 r - a scroll of teleportation {unknown}
Potions
 e - 2 potions of resistance {unknown}
 h - a potion of brilliance {unknown}
 j - 2 potions of cancellation {unknown}
 l - a potion of curing {unknown}
 m - a potion of berserk rage {unknown}
Comestibles
 c - 3 chunks of flesh
 d - 3 rations


   Skills:
 + Level 3.2 Dodging
 + Level 3.4 Stealth
 + Level 5.1 Spellcasting
 + Level 2.3 Conjurations
 - Level 1.1 Summonings
   Level 1.1 Translocations


You had one spell level left.
You knew the following spells:

 Your Spells              Type           Power        Failure   Level  Hunger
a - Magic Dart            Conj           ###.         3%          1    None
b - Call Imp              Summ           ##......     9%          2    None
c - Slow                  Hex            #.......     14%         2    None
d - Conjure Flame         Conj/Fire      ##......     17%         3    ##.....
e - Confuse               Hex            #.......     28%         3    ##.....

Your spell library contained the following spells:

 Spells                   Type           Power        Failure   Level  Hunger
 Corona                   Hex            #......      10%         1    None
 Blink                    Tloc           N/A          9%          2    None
 Ensorcelled Hibernation  Hex/Ice        #.....       14%         2    None
 Dazzling Spray           Conj/Hex       ##....       17%         3    ##.....
 Mephitic Cloud           Conj/Pois/Air  #.......     21%         3    ##.....
 Tukima's Dance           Hex            #.......     28%         3    ##.....


Dungeon Overview and Level Annotations

Branches:
Dungeon (3/15)

Altars:


Message History

The magic dart hits the orc.
The orc is heavily wounded.
The orc barely misses you. The orc closely misses you.
Casting: Magic Dart (safe; 3% risk of failure)
Confirm with . or Enter, or press ? or * to list all spells.
You don't have enough magic to cast that spell.
Unknown command.
You closely miss the orc.
The orc is heavily wounded.
The orc closely misses you.
You barely miss the orc.
The orc is heavily wounded.
The orc misses you. The orc completely misses you.
Throwing (i - inventory)
q - 5 tomahawks (quivered)
Press: ? - help, Shift-Dir - straight line, f/p - orc
Aim: an orc, wielding a club (heavily wounded)
You throw a tomahawk. The tomahawk hits the orc.
The orc is almost dead.
The orc barely misses you. The orc hits you.
You die...

#.###)#.# ##.
#.##....## ##..
#.##.#...## ##...
#.##......####....
#.........)).'....
####......####....
##......## ##...
##o......## ##..
#@........# ##.
##o......## ##
##.....## #
##...######## #
##.#......(# ##
#.#.#####.###.
##.#.# #.##..
#....#####.###.
#.#[...........


You could see 2 orcs.

Vanquished Creatures
  3 oozes
  2 worms (D:2)
  2 dart slugs (D:1)
  3 orcs (D:2)
  A ball python (D:2)
  6 bats
  A giant cockroach (D:1)
  2 goblins (D:2)
  8 hobgoblins
  2 frilled lizards (D:1)
  4 kobolds
  A quokka skeleton (D:2)
  5 rats
40 creatures vanquished.

Vanquished Creatures (collateral kills)
  A giant cockroach (D:2)
1 creature vanquished.

Grand Total: 41 creatures vanquished

Notes
Turn   | Place    | Note
-------+----------+-------------------------------------------
     0 | D:1      | JedernureinKreuz the Deep Elf Wizard began the quest for
                  | the Orb.
     0 | D:1      | Reached XP level 1. HP: 10/10 MP: 7/7
    94 | D:1      | Reached XP level 2. HP: 15/15 MP: 1/9
   139 | D:1      | Learned a level 2 spell: Call Imp
   142 | D:1      | Learned a level 2 spell: Slow
   570 | D:1      | Reached XP level 3. HP: 15/19 MP: 1/11
   579 | D:1      | Learned a level 3 spell: Conjure Flame
   877 | D:2      | Learned a level 3 spell: Confuse
  1602 | D:2      | Reached skill level 5 in Spellcasting
  2177 | D:2      | Slain by an orc

Skill      XL: |  1  2  3 |
---------------+----------+-----
Stealth        | 3 |  3.4
Dodging        | 3 |  3.2
Conjurations   | 2 |  2.3
Spellcasting   | 5 |  5.1
Summonings     | |  1.1
Translocations | |  1.1

Action                   || total
-------------------------++-------
Melee: Dagger            ||    92
       Unarmed           ||     2
Throw: Tomahawk          ||    12
 Cast: Magic Dart        ||    80
       Call Imp          ||     3
       Conjure Flame     ||     6
       Slow              ||     2
       Confuse           ||     1
 Stab: Sleeping          ||     1
  Eat: Ration            ||     1
       Chunk             ||     1
Armor: Robe              ||    29
Dodge: Dodged            ||   101
